 Dungeon Crawl Stone Soup version 0.29.1-12-g30fa7ad0bf (webtiles) character file.

Game seed: 1933707341762953193

67 shoemetal68 the Ruffian (level 4, -1/37 HPs)
             Began as a Ghoul Gladiator on Dec 16, 2022.
             Was a Follower of Fedhas.
             Slain by a gnoll
             ... wielding a +0 spear
              (6 damage)
             ... on level 2 of the Dungeon.
             The game lasted 00:10:04 (1031 turns).

shoemetal68 the Ruffian (Ghoul Gladiator)           Turns: 1031, Time: 00:10:05

Health: -1/37      AC:  5    Str: 19    XL:     4   Next: 16%
Magic:  3/3        EV: 12    Int:  3    God:    Fedhas [*.....]
Gold:   28         SH:  0    Dex: 10    Spells: 3/3 levels left

rFire   . . .      SeeInvis .   n - +0 spear
rCold   + . .      Faith    .   (no shield)
rNeg    + + +      Spirit   .   a - +0 leather armour
rPois   ∞          Reflect  .   b - +1 helmet
rElec   .          Harm     .   (no cloak)
rCorr   .          Rampage  .   (no gloves)
Will    .....                   (no boots)
Stlth   +.........              (no amulet)
HPRegen 0.00/turn               (no ring)
MPRegen 0.08/turn               (no ring)

@: inhibited regen
A: claws 1, cold resistance 1, negative energy resistance 3, inhibited
regeneration, torment resistance 2, devour on kill
a: Renounce Religion


You were on level 2 of the Dungeon.
You worshipped Fedhas.
Fedhas was aware of your devotion.
You visited 1 branch of the dungeon, and saw 2 of its levels.

You collected 28 gold pieces.

Inventory:

Hand Weapons
 f - a +0 sling of venom
 m - a +0 whip
 n - a +0 spear (weapon)
Missiles
 c - 5 throwing nets
 i - 12 stones
 l - 5 javelins (quivered)
Armour
 a - a +0 leather armour (worn)
 b - a +1 helmet (worn)
Scrolls
 e - a scroll of brand weapon
 g - 2 scrolls of teleportation
 h - a scroll of enchant armour
 j - a scroll of poison {unknown}
Potions
 d - a potion of ambrosia {unknown}
 k - a potion of degeneration {unknown}


   Skills:
 + Level 2.6 Fighting
 + Level 2.1 Throwing
 + Level 0.6 Armour
 + Level 3.1 Dodging
 + Level 0.1 Stealth
 + Level 4.3 Unarmed Combat


You had 3 spell levels left.
You didn't know any spells.
Your spell library was empty.

Dungeon Overview and Level Annotations

Branches:
Dungeon (2/15)

Altars:
Fedhas


Innate Abilities, Weirdness & Mutations

You are immune to poison.
You have sharp fingernails.
Your flesh is cold resistant. (rC+)
You are immune to negative energy. (rN+++)
You do not regenerate when monsters are visible.
You are immune to unholy pain and torment.
You thrive by killing the living.


Message History

You feel better.
l - 5 javelins (gained 2)
You see here a +0 spear.
c - 5 throwing nets (gained 2)
Things that are here:
a +0 whip; a gnoll corpse
m - a +0 whip You see here a +0 spear.
n - a +0 spear Setting a skill training target for Polearms at 12.0.
There is a stone staircase leading down here.
You climb downwards.
The hobgoblin shouts!
The gnoll barely misses you.
There is a stone staircase leading up here.
You scratch the gnoll but do no damage. The gnoll hits you with a +0 flail.
You scratch the gnoll but do no damage. The gnoll hits you with a +0 flail.
You barely miss the gnoll. You claw the gnoll.
The gnoll is moderately wounded.
The hobgoblin completely misses you. The gnoll barely misses you.
You scratch the gnoll.
The gnoll is severely wounded.
The gnoll closely misses you.
The hobgoblin hits you but does no damage.
You barely miss the gnoll.
The gnoll is severely wounded.
The hobgoblin closely misses you. The gnoll hits you with a +0 flail.
* * * LOW HITPOINT WARNING * * *
You scratch the gnoll.
You kill the gnoll!
Fedhas appreciates your contribution to the ecosystem.
The hobgoblin completely misses you.
The gnoll hits you from afar with a +0 spear.
* * * LOW HITPOINT WARNING * * *
You have reached level 4!
n - a +0 spear (weapon)
You barely miss the hobgoblin. The hobgoblin barely misses you.
The gnoll hits you from afar with a +0 spear.
You die...
Fedhas appreciates your contribution to the ecosystem.

##+## #@).#
......g.....#
#.###g......#
..........#
...........+
.............#
..###.......##
.. #......##


You could see a gnoll and a hobgoblin.

Vanquished Creatures
  3 gnolls
  2 dart slugs (D:1)
  3 bats (D:1)
  3 giant cockroaches (D:1)
  4 hobgoblins (D:1)
  5 jackals (D:1)
  2 quokkas (D:1)
  A frilled lizard (D:1)
  4 goblins (D:1)
  A kobold (D:1)
  2 rats (D:1)
30 creatures vanquished.

Vanquished Creatures (others)
  2 fungi (D:1)
  6 plants (D:1)
8 creatures vanquished.

Grand Total: 38 creatures vanquished

Notes
Turn   | Place    | Note
-------+----------+-------------------------------------------
     0 | D:1      | shoemetal68 the Ghoul Gladiator began the quest for the
                  | Orb.
     0 | D:1      | Reached XP level 1. HP: 17/17 MP: 0/0
    94 | D:1      | Found a faded altar of an unknown god.
   213 | D:1      | Reached XP level 2. HP: 24/24 MP: 1/1
   426 | D:1      | Reached XP level 3. HP: 21/30 MP: 2/2
   886 | D:1      | Reached skill level 4 in Unarmed Combat
   942 | D:1      | Prayed at the altar of an unknown god.
   942 | D:1      | Became a worshipper of Fedhas Madash
   942 | D:1      | Reached * piety under Fedhas
  1030 | D:2      | Reached XP level 4. HP: 5/37 MP: 3/3
  1031 | D:2      | Slain by a gnoll

Illustrated notes

Levels and vault maps discovered:
D:1:      mainiacjoe_arrival_reflecting_pool, layout_loops_ring,
          shapermc_ecumenical_altar_mp_urbaneastern
D:2:      layout_loops_corners, basic_altar, serial_forest,
          infiniplex_forest_zigzag_2, infiniplex_forest_3_way,
          infiniplex_forest_straight_3, infiniplex_forest_straight_3,
          infiniplex_forest_corner_1, infiniplex_forest_clump_double,
          infiniplex_forest_zigzag_1, infiniplex_forest_lined_3,
          item_on_display_a

Skill      XL: |  1  2  3 |
---------------+----------+-----
Dodging        | 3 |  3.1
Throwing       | 2 |  2.1
Unarmed Combat | 4 |  4.3
Fighting       | |  2.6
Armour         | |  0.6
Stealth        | |  0.1

Action                   |  1- 3 |  4- 6 || total
-------------------------+-------+-------++-------
Melee: Unarmed           |    89 |       ||    89
       Punch             |     2 |       ||     2
       Spear             |       |     1 ||     1
Throw: Javelin           |     7 |       ||     7
       Stone             |     2 |       ||     2
  Use: Scroll            |     5 |       ||     5
Armor: Leather armour    |    27 |       ||    27
Dodge: Dodged            |    66 |     1 ||    67
